 Dungeon Crawl Stone Soup version 0.31-a0-188-g5e087ee2ca (webtiles) character file.

Game seed: 6763332931205582120

95 qw the Shooter (level 4, -5/25 HPs)
             Began as a Deep Elf Hunter on June 22, 2023.
             Slain by a scorpion (7 damage)
             ... on level 4 of the Dungeon.
             The game lasted 00:00:43 (1779 turns).

qw the Shooter (Deep Elf Hunter)                    Turns: 1779, Time: 00:00:44

Health: -5/25      AC:  5    Str: 10    XL:     4   Next: 40%
Magic:  6/6        EV: 12    Int: 14    God:
Gold:   123        SH:  0    Dex: 18    Spells: 3/3 levels left

rFire   . . .        Y - +0 shortbow
rCold   . . .        (shield currently unavailable)
rNeg    . . .        d - +1 leather armour {Will+}
rPois   .            m - +0 helmet
rElec   .            (no cloak)
rCorr   .            (no gloves)
SInv    .            (no boots)
Will    +....        (no amulet)
Stlth   ++           (no ring)
HPRegen 0.24/turn    (no ring)
MPRegen 0.10/turn

%: no passive effects
@: lethally poisoned (-5 -> -7)
A: no striking features
a: no special abilities


You were on level 4 of the Dungeon.
You visited 1 branch of the dungeon, and saw 4 of its levels.

You collected 123 gold pieces.


   Skills:
 - Level 1.5 Fighting
 + Level 7.8 Ranged Weapons
 - Level 2.4 Dodging
 - Level 1.2 Stealth


You had 3 spell levels left.
You didn't know any spells.
Your spell library was empty.

Inventory:

Hand Weapons
 Y - a +0 shortbow (weapon)
Armour
 d - a +1 leather armour of willpower (worn)
 j - a +0 ring mail
 m - a +0 helmet (worn)
Scrolls
 g - a scroll of identify
Potions
 b - 2 potions of mutation
 c - a potion of might
 e - 2 potions of haste
 h - a potion of curing {unknown}
 l - a potion of cancellation {unknown}

Dungeon Overview and Level Annotations

Branches:
Dungeon (4/15)
 Temple: D:4-7

Altars:

Annotations:
D:3 1 runed translucent door, qw's ghost, amateur DEHu


Message History

You climb downwards.
There is a stone staircase leading up here.
Waypoint 3 assigned to D:4.
A scorpion comes into view.
Found 6 gold pieces.
You shoot an arrow.
The arrow hits the scorpion but does no damage.
You shoot an arrow.
The arrow hits the scorpion but does no damage.
You shoot an arrow. The arrow barely misses the scorpion.
A scorpion is nearby!
You shoot an arrow.
The arrow hits the scorpion but does no damage.
You shoot an arrow.
The arrow hits the scorpion but does no damage.
You shoot an arrow.
The arrow hits the scorpion but does no damage.
The scorpion stings you.
You shoot an arrow. The arrow hits the scorpion.
The scorpion is moderately wounded.
The scorpion stings you.
You are poisoned.
The scorpion poisons you!
You shoot an arrow. The arrow closely misses the scorpion.
You feel very sick.
The scorpion stings you but does no damage.
The scorpion misses you.
You shoot an arrow. The arrow hits the scorpion.
The scorpion is heavily wounded.
You feel sick. The scorpion closely misses you.
You shoot an arrow. The arrow hits the scorpion.
The scorpion is severely wounded.
You feel sick. The scorpion stings you!
You shoot an arrow. The arrow barely misses the scorpion.
You feel sick. The scorpion barely misses you.
You shoot an arrow.
The arrow hits the scorpion but does no damage.
The scorpion is severely wounded.
You feel sick. The scorpion barely misses you. The scorpion stings you!
You die...

##########
.......<.#
########.#
#.# ## #.#
..
#.##.#.####
#...@s.$..#
#.##......#
.. ###.#..#
... .# ...
.. .. .. .
#. # .. ##


You could see a scorpion.

Vanquished Creatures
  4 adders
  2 dart slugs
  5 orcs (D:3)
  3 endoplasms
  A giant cockroach (D:2)
  5 goblins
  4 hobgoblins
  4 kobolds
  3 quokkas
  2 ball pythons
  7 bats
  3 frilled lizards (D:1)
  7 rats
50 creatures vanquished.

Notes
Turn   | Place    | Note
-------+----------+-------------------------------------------
     0 | D:1      | qw the Deep Elf Hunter began the quest for the Orb.
     0 | D:1      | Reached XP level 1. HP: 12/12 MP: 3/3
     0 | D:1      | 0 ||| qw: Version: 0.3-a-9-g12657ce
     0 | D:1      | 0 ||| qw: Game counter: 3041
     0 | D:1      | 0 ||| qw: Always use a shield: true
     0 | D:1      | 0 ||| qw: God list: Okawaru
     0 | D:1      | 0 ||| qw: Allow faded altars: false
     0 | D:1      | 0 ||| qw: Do Orc after D:15 true
     0 | D:1      | 0 ||| qw: Do second Lair branch before Depths: true
     0 | D:1      | 0 ||| qw: Lair rune preference: random
     0 | D:1      | 0 ||| qw: Plans: Normal
     0 | D:1      | 0 ||| PLANNING D:1-11
   175 | D:1      | Reached XP level 2. HP: 16/16 MP: 4/4
   222 | D:1      | Reached skill level 6 in Ranged Weapons
   246 | D:1      | 246 ||| UPGRADING to +1 leather armour of willpower.
   259 | D:1      | 259 ||| UPGRADING to +1 leather armour of willpower.
   269 | D:1      | 269 ||| DROPPING +0 leather armour.
   519 | D:1      | 519 ||| READING scroll labelled JISAQO WASM.
   520 | D:1      | 520 ||| READING scroll labelled JAELEU ATYG.
   521 | D:1      | 521 ||| READING scroll labelled JOS KIYCHE.
   522 | D:1      | 522 ||| DROPPING scroll of butterflies.
   656 | D:2      | Reached XP level 3. HP: 15/20 MP: 5/5
   720 | D:2      | Reached skill level 7 in Ranged Weapons
  1101 | D:2      | Reached XP level 4. HP: 25/25 MP: 6/6
  1134 | D:2      | 1134 ||| READING scroll labelled ECWYST ROUMN.
  1135 | D:2      | 1135 ||| READING scroll labelled KIADIE VAFFODO.
  1236 | D:2      | 1236 ||| DRINKING 2 bubbling dark potions.
  1237 | D:2      | 1237 ||| DRINKING 2 silvery potions.
  1238 | D:2      | 1238 ||| READING 2 scrolls of identify.
  1238 | D:2      | 1238 ||| IDENTIFYING sapphire potion
  1458 | D:3      | Found a runed translucent door.
  1463 | D:3      | Noticed qw's ghost (amateur DEHu)
  1716 | D:3      | 1716 ||| DROPPING +0 scale mail.
  1717 | D:3      | 1717 ||| UPGRADING to +0 helmet.
  1722 | D:3      | 1722 ||| READING scroll labelled LOBIDUPHUR.
  1751 | D:3      | 1751 ||| READING scroll labelled XEN ERENOUBI.
  1752 | D:3      | 1752 ||| READING 2 scrolls of identify.
  1752 | D:3      | 1752 ||| IDENTIFYING lumpy green potion
  1753 | D:3      | 1753 ||| DROPPING potion of lignification.
  1766 | D:4      | Noticed a scorpion
  1777 | D:4      | HP: 5/25 [scorpion (7)]
  1779 | D:4      | HP: 2/25 [poisoned by a scorpion]
  1779 | D:4      | Slain by a scorpion

Levels and vault maps discovered:
D:1:      mainiacjoe_arrival_reflecting_pool, layout_loops_cross, serial_glass,
          glass_columns_a, glass_columns_b
D:2:      layout_basic
D:3:      layout_basic, ebering_ghost_reflecting_pool
D:4:      layout_loops_cross

Skill      XL: |  1  2  3 |
---------------+----------+-----
Ranged Weapons | 6 7 |  7.8
Fighting       | |  1.5
Dodging        | |  2.4
Stealth        | |  1.2

Action                     |  1- 3 |  4- 6 || total
---------------------------+-------+-------++-------
   Fire: Shortbow          |   107 |    40 ||   147
    Use: Scroll            |     3 |     6 ||     9
         Potion            |       |     2 ||     2
 Armour: Leather armour    |     7 |     4 ||    11
  Dodge: Dodged            |    18 |    14 ||    32

Table legend:
 A = Non-vault XP
 B = Vault XP
 C = Vault XP percentage of total XP
 D = Non-vault monster count
 E = Vault monster count
 F = Vault count percentage of total count
                 A         B        C        D         E       F
            +---------+---------+-------+---------+---------+-------
      Total |     137 |       0 |   0.0 |      50 |       0 |   0.0
            +---------+---------+-------+---------+---------+-------
        D:1 |      22 |       0 |   0.0 |      16 |       0 |   0.0
        D:2 |      78 |       0 |   0.0 |      24 |       0 |   0.0
        D:3 |      37 |       0 |   0.0 |      10 |       0 |   0.0
            +---------+---------+-------+---------+---------+-------
